 Dungeon Crawl Stone Soup version 0.23.2-1-ga50397a6bc (webtiles) character file.

Game seed: 11273975144969609255

5443 Jukra the Carver (level 10, -2/103 HPs)
             Began as a Minotaur Berserker on May 17, 2019.
             Was an Elder of Trog.
             Slain by an angel
             ... wielding a +2 sacred scourge of holy wrath
              (13 damage)
             ... on level 6 of the Dungeon.
             The game lasted 01:06:55 (7247 turns).

Jukra the Carver (Minotaur Berserker)               Turns: 7247, Time: 01:06:58

Health: -2/103     AC: 23    Str: 31    XL:     10   Next: 41%
Magic:  9/9        EV: 14    Int:  1    God:    Trog [****..]
Gold:   450        SH:  6    Dex: 15    Spells: 9/9 levels left

rFire    . . .     SeeInvis +   E - +1 hand axe (chop)
rCold    + + +     Gourm    .   q - +0 buckler
rNeg     . . .     Faith    .   H - +2 crystal plate armour
rPois    +         Spirit   .   (helmet restricted)
rElec    .         Reflect  .   I - +0 cloak of Agoraphobia {rPois rC+++ Str+4 Int-3}
rCorr    .         Harm     .   (no gloves)
MR       .....                  y - +0 pair of boots
Stlth    ..........             s - amulet of Vitality {Regen+ HP+15}
HPRegen  0.67/turn              k - +2 ring of strength
MPRegen  0.11/turn              d - ring of see invisible

@: agile, berserk cooldown, slowed, glowing, very slow
A: retaliatory headbutt, horns 2
a: Berserk, Trog's Hand, Brothers in Arms, Renounce Religion


You were on level 6 of the Dungeon.
You worshipped Trog.
Trog was greatly pleased with you.
You were near starving.

You visited 2 branches of the dungeon, and saw 9 of its levels.
You also visited: Bailey.

You collected 450 gold pieces.

Inventory:

Hand Weapons
 a - a +0 falchion
 o - a +2 hunting sling of freezing
 E - a +1 hand axe of chopping (weapon)
Missiles
 t - 36 sling bullets
Armour
 b - a +0 troll leather armour {Purgy}
 e - a +0 ring mail
 q - a +0 buckler (worn)
 v - a +3 leather armour
 y - a +0 pair of boots (worn)
 F - a +1 helmet of intelligence
 G - a +0 plate armour
 H - a +2 crystal plate armour (worn)
 I - the +0 cloak of Agoraphobia (worn) {rPois rC+++ Str+4 Int-3}
   (You found it in a bailey)

   It affects your strength (+4).
   It affects your intelligence (-3).
   It renders you almost immune to cold.
   It protects you from poison.
Jewellery
 d - a ring of see invisible (right hand)
 k - a +2 ring of strength (left hand)
 s - the amulet of Vitality (around neck) {Regen+ HP+15}
   (You found it on level 8 of the Dungeon)

   [amulet of regeneration]

   It affects your health (+15).
   It increases your rate of regeneration.
 u - an uncursed ring of flight
 D - an uncursed ring of teleportation
Wands
 j - a wand of enslavement (7)
 n - a wand of acid (8)
 A - a wand of polymorph (9)
 L - a wand of iceblast (15)
 O - a wand of digging (4)
Scrolls
 m - 5 scrolls of identify
 z - 2 scrolls of magic mapping
 C - 2 scrolls of fear
 J - 2 scrolls of enchant weapon
 N - a scroll of amnesia {unknown}
Potions
 f - 2 potions of might {unknown}
 g - a potion of cancellation {unknown}
 h - a potion of agility
 i - 4 potions of curing {unknown}
 l - 3 potions of brilliance {unknown}
 p - 2 potions of ambrosia {unknown}
 r - 2 potions of lignification {unknown}
 w - a potion of berserk rage {unknown}
 x - a potion of haste {unknown}
 B - a potion of magic {unknown}
 K - 3 potions of flight {unknown}
 M - a potion of heal wounds {unknown}
Comestibles
 c - 11 rations


   Skills:
 + Level 8.3 Fighting
 + Level 8.8 Long Blades
 * Level 6.3 Axes
 + Level 5.7 Slings
 + Level 7.1 Armour
 + Level 5.7 Dodging
 + Level 1.5 Stealth
 * Level 7.5 Shields


You had 9 spell levels left.
You didn't know any spells.
Your spell library contained the following spells:

 Spells                   Type           Power        Failure   Level  Hunger
 Animate Skeleton         Necr           N/A          100%        1    ##.....
 Apportation              Tloc           #.....       100%        1    ##.....
 Confusing Touch          Hex            #.....       100%        1    ##.....
 Corona                   Hex            #......      100%        1    ##.....
 Magic Dart               Conj           #...         100%        1    ##.....
 Summon Butterflies       Summ           #.......     100%        1    ##.....
 Summon Small Mammal      Summ           #...         100%        1    ##.....
 Call Imp                 Summ           #.......     100%        2    ###....
 Ensorcelled Hibernation  Hex/Ice        #.....       100%        2    ###....
 Searing Ray              Conj           #.....       100%        2    ###....
 Call Canine Familiar     Summ           #.......     100%        3    ####...
 Confuse                  Hex            #.......     100%        3    ####...
 Dazzling Spray           Conj/Hex       #.....       100%        3    ####...
 Gell's Gravitas          Tloc           #.........   100%        3    ####...
 Summon Guardian Golem    Hex/Summ       #.......     100%        3    ####...
 Tukima's Dance           Hex            #.......     100%        3    ####...
 Force Lance              Conj/Tloc      #.......     100%        4    #####..
 Fulminant Prism          Conj/Hex       #.........   100%        4    #####..
 Iskenderun's Mystic Bla  Conj           #.......     100%        4    #####..
 Petrify                  Tmut/Erth      #.......     100%        4    #####..
 Summon Ice Beast         Ice/Summ       #.......     100%        4    #####..
 Summon Lightning Spire   Summ/Air       #.......     100%        4    #####..
 Metabolic Englaciation   Hex/Ice        #.........   100%        5    ######.
 Summon Mana Viper        Hex/Summ       #.......     100%        5    ######.
 Yara's Violent Unravell  Hex/Tmut       #.........   100%        5    ######.
 Summon Hydra             Summ           #.........   100%        7    #######


Dungeon Overview and Level Annotations

Branches:
Dungeon (8/15)             Temple (1/1) D:5
   Lair: D:8-11

Altars:
Ashenzari
Cheibriados
Dithmenos
Elyvilon
Fedhas
Gozag
Hepliaklqana
Kikubaaqudgha
Makhleb
Nemelex Xobeh
Okawaru
Qazlal
Ru
Sif Muna
Trog
Uskayaw
Vehumet
Wu Jian
Xom
Yredelemnul
Zin
The Shining One

Shops:
D:5 ?(:   D:7 }


Innate Abilities, Weirdness & Mutations

You reflexively headbutt those who attack you in melee.
You have a pair of horns on your head.


Message History

You feel agile all of a sudden.
The angel hits you but does no damage. x4
You closely miss the angel.
The angel is heavily wounded.
The angel hits you but does no damage. x2
The angel gestures.
The angel is healed somewhat.
You closely miss the angel. Your headbutt misses the angel.
The angel is heavily wounded.
The angel hits you with a +2 sacred scourge of holy wrath!
* * * LOW HITPOINT WARNING * * *
The angel hits you but does no damage. x3
You hit the angel. You headbutt the angel.
The angel is heavily wounded.
The angel hits you with a +2 sacred scourge of holy wrath!
* * * LOW HITPOINT WARNING * * *
The angel hits you with a +2 sacred scourge of holy wrath.
* * * LOW HITPOINT WARNING * * *
The angel hits you with a +2 sacred scourge of holy wrath!
You die...

####### ####.....##
##....###..##
#########....##>##..##
##...........#.#.###..#
##..........)###@.####.#
#............#>A._..>#.#
#............####.####.#
#.............###.###..#
...............##>##..##
................###...#
......................#
.............#.......##
..........############


You could see an angel.

Vanquished Creatures
  An ugly thing (D:8)
  2 orc knights (Bailey)
  Sigmund (D:2)
  3 yaks (D:7)
  Eustachio (D:4)
  4 orc warriors
  Purgy (D:3)
  3 ice beasts
  A black bear (D:7)
  A sky beast (D:7)
  3 ogres
  A phantom (D:7)
  2 centaurs
  2 bullfrogs
  2 scorpions
  14 killer bees
  A howler monkey (D:5)
  4 crimson imps
  A bullfrog zombie (D:6)
  A quasit (D:6)
  2 bullfrog skeletons (D:4)
  A centaur skeleton (D:6)
  A centaur zombie (D:6)
  6 hounds
  An orc wizard (D:7)
  4 orc priests
  3 iguanas
  Natasha (thrice) (D:3)
  Terence (D:2)
  2 worker ants
  6 gnolls
  5 adders
  A howler monkey skeleton (D:8)
  5 worms
  2 dart slugs
  A leopard gecko (D:1)
  31 orcs
  A ball python (D:1)
  8 giant cockroaches
  5 goblins
  9 hobgoblins
  12 jackals
  12 kobolds
  2 quokkas
  15 bats
  A jackal skeleton (D:5)
  A leopard gecko zombie (D:5)
  10 rats
200 creatures vanquished.

Notes
Turn   | Place    | Note
-------+----------+-------------------------------------------
     0 | D:1      | Jukra the Minotaur Berserker began the quest for the Orb.
     0 | D:1      | Reached XP level 1. HP: 19/19 MP: 0/0
   142 | D:1      | Reached XP level 2. HP: 27/27 MP: 1/1
   890 | D:2      | Found a shattered altar of Ashenzari.
   893 | D:2      | Reached XP level 3. HP: 32/33 MP: 2/2
   897 | D:2      | Reached ** piety under Trog
  1399 | D:2      | Noticed Terence
  1408 | D:2      | Killed Terence
  1408 | D:2      | Reached XP level 4. HP: 36/41 MP: 3/3
  1493 | D:2      | Noticed Sigmund
  1509 | D:2      | Killed Sigmund
  1509 | D:2      | Reached skill level 5 in Long Blades
  1509 | D:2      | Reached XP level 5. HP: 6/47 MP: 4/4
  1915 | D:3      | Reached XP level 6. HP: 50/55 MP: 5/5
  2139 | D:3      | Noticed Natasha
  2146 | D:3      | Killed Natasha
  2186 | D:3      | Noticed Natasha
  2197 | D:3      | HP: 1/82 [Natasha (7)]
  2198 | D:3      | Killed Natasha
  2769 | D:4      | Found a blossoming altar of Fedhas.
  2801 | D:4      | Reached skill level 5 in Fighting
  2801 | D:4      | Reached skill level 5 in Armour
  2801 | D:4      | Reached skill level 1 in Shields
  2813 | D:4      | Found an iron altar of Okawaru.
  2813 | D:4      | Found a hazy altar of Hepliaklqana.
  2948 | D:4      | Noticed Eustachio
  2976 | D:4      | Killed Eustachio
  2976 | D:4      | Reached XP level 7. HP: 51/61 MP: 6/6
  3273 | D:4      | Reached skill level 1 in Stealth
  3315 | D:3      | Noticed Natasha
  3315 | D:3      | Noticed Purgy
  3319 | D:3      | Killed Natasha
  3321 | D:3      | Killed Purgy
  3418 | D:5      | Entered Level 5 of the Dungeon
  3544 | D:5      | Found Fotokur's Magic Scroll Boutique.
  3581 | D:5      | Reached *** piety under Trog
  3586 | D:5      | Found a staircase to the Ecumenical Temple.
  3594 | Temple   | Entered the Ecumenical Temple
  3890 | D:5      | Found Turoonua's Weapon Shoppe.
  4077 | D:5      | Reached XP level 8. HP: 70/70 MP: 7/7
  4576 | D:5      | Found Qicloguh's Book Emporium.
  5025 | D:6      | Reached skill level 5 in Shields
  5114 | D:6      | Found an opulent altar of Gozag.
  5183 | D:6      | Reached skill level 5 in Dodging
  5299 | D:6      | Found a runed translucent door.
  5299 | D:6      | Noticed an angel
  5300 | D:6      | Found a glowing silver altar of Zin.
  5402 | D:7      | Found a flagged portal.
  5408 | D:7      | Reached XP level 9. HP: 79/79 MP: 8/8
  5409 | D:7      | Reached **** piety under Trog
  5409 | D:7      | Reached skill level 1 in Axes
  5435 | Bailey   | Entered a bailey
  5514 | Bailey   | Reached skill level 1 in Slings
  5682 | Bailey   | Noticed an orc knight
  5716 | Bailey   | Killed an orc knight
  5737 | Bailey   | Got a scorched cloak
  5753 | Bailey   | Identified the cursed +0 cloak of Agoraphobia {rPois rC+++
                  | Str+4 Int-3} (You found it in a bailey)
  5821 | Bailey   | Noticed an orc knight
  5853 | Bailey   | Killed an orc knight
  6171 | D:7      | Reached skill level 5 in Slings
  6180 | D:7      | Reached XP level 10. HP: 71/88 MP: 9/9
  6239 | D:7      | Found Isaegen's Gadget Emporium.
  6417 | D:7      | Found a shadowy altar of Dithmenos.
  6422 | D:7      | Found an ancient bone altar of Kikubaaqudgha.
  6429 | D:7      | Found a glowing golden altar of the Shining One.
  6432 | D:7      | Found a radiant altar of Vehumet.
  6488 | D:7      | Reached skill level 5 in Axes
  6804 | D:8      | Found the amulet of Vitality {Regen+ HP+15}
  7016 | D:8      | Noticed a red ugly thing
  7030 | D:8      | Killed a red ugly thing
  7247 | D:6      | Slain by an angel

Skill      XL: |  1  2  3  4  5  6  7  8  9 10 |
---------------+-------------------------------+-----
Long Blades    | 4 5 6 8 |  8.8
Fighting       | 4 5 7 8 |  8.3
Armour         | 3 4 5 6 7 |  7.1
Dodging        | 3 4 5 |  5.7
Shields        | 2 3 5 6 7 |  7.5
Stealth        | 1 |  1.5
Axes           | 4 6 |  6.3
Slings         | 5 |  5.7

Action                   |  1- 3 |  4- 6 |  7- 9 | 10-12 || total
-------------------------+-------+-------+-------+-------++-------
Melee: Falchion          |    94 |   104 |   168 |       ||   366
       Headbutt          |     9 |    20 |    65 |    19 ||   113
       Hand axe          |       |       |    44 |   125 ||   169
 Fire: Hunting sling     |       |     3 |    71 |       ||    74
Invok: Berserk           |       |     3 |     4 |     2 ||     9
       Trog's Hand       |       |     3 |     2 |     1 ||     6
Evoke: Wand              |       |       |       |     1 ||     1
  Use: Scroll            |       |       |     9 |     3 ||    12
       Potion            |       |       |       |     1 ||     1
  Eat: Chunk             |     1 |     5 |    10 |       ||    16
       Ration            |       |     1 |     2 |     1 ||     4
Armor: Animal skin       |     7 |       |       |       ||     7
       Ring mail         |    22 |    60 |     6 |       ||    88
       Troll leather arm |       |       |    32 |       ||    32
       Crystal plate arm |       |       |    11 |    98 ||   109
Dodge: Dodged            |    69 |    73 |   147 |    48 ||   337
Block: Buckler           |       |    28 |    55 |    33 ||   116
       Rpst.: Falchion   |    18 |    21 |    28 |       ||    67
